 Dungeon Crawl Stone Soup version 0.27-a0-965-gbf8bb431c4 (webtiles) character file.

Game seed: 1854372918743432646

2115 Anon1729 the Ducker (level 9, -3/65 HPs)
             Began as a Djinni Transmuter on Apr 12, 2021.
             Was an Elder of Qazlal.
             Slain by Edmund
             ... wielding a +1 flail of holy wrath
              (9 damage)
             ... on level 5 of the Dungeon.
             The game lasted 00:16:38 (10046 turns).

Anon1729 the Ducker (Djinni Transmuter)            Turns: 10046, Time: 00:16:39

Health: -3/65      AC:  2    Str:  9    XL:     9   Next: 29%
Gold:   197        EV: 15    Int: 17    God:    Qazlal [****..] SH:  5 Dex: 15

rFire    + + .     SeeInvis .     - Unarmed
rCold    x . .     Faith    .   (no shield)
rNeg     . . .     Spirit   .   a - +0 robe
rPois    ∞         Reflect  .   (no helmet)
rElec    .         Harm     .   (no cloak)
rCorr    .         Rampage  .   (no gloves)
Will     .....                  (boots unavailable)
Stlth    +.........             m - amulet of the acrobat
HPRegen  0.20/turn              b - ring of wizardry
MPRegen  0.00/turn              (no ring)

@: flying, repel missiles
A: fire resistance 2, cold vulnerability 1, float, innate caster, hp casting,
extra vitality 1
a: Renounce Religion, Upheaval, Elemental Force


You were on level 5 of the Dungeon.
You worshipped Qazlal.
Qazlal was greatly pleased with you.
You visited 1 branch of the dungeon, and saw 8 of its levels.

You collected 267 gold pieces.
You spent 70 gold pieces at shops.

Inventory:

Armour
 a - a +0 robe (worn)
Jewellery
 b - a ring of wizardry (left hand)
 m - an amulet of the acrobat (around neck)
 y - an amulet of guardian spirit
Wands
 k - a wand of iceblast (3)
 l - a wand of flame (66)
 t - a wand of polymorph (9)
 u - a wand of paralysis (2)
Scrolls
 f - 9 scrolls of identify {unknown}
 g - a scroll of fear {unknown}
 n - a scroll of brand weapon {unknown}
 o - a scroll of amnesia {unknown}
 q - a scroll of teleportation
 r - 2 scrolls of noise {unknown}
 v - a scroll of fog
 w - a scroll of enchant weapon {unknown}
 x - a scroll of blinking {unknown}
 z - a scroll of enchant armour {unknown}
Potions
 c - a potion of degeneration {unknown}
 d - 2 potions of heal wounds {unknown}
 e - 4 potions of brilliance
 h - 2 potions of haste {unknown}
 i - a potion of cancellation {unknown}
 j - a potion of invisibility {unknown}
 p - a potion of berserk rage
 s - a potion of attraction {unknown}


   Skills:
 + Level 5.4 Fighting
 + Level 6.3 Dodging
 + Level 6.2 Unarmed Combat
 + Level 4.8 Spellcasting
 + Level 4.7 Invocations


You couldn't memorise any spells.
You knew the following spells:

 Your Spells              Type           Power      Damage    Failure   Level
a - Beastly Appendage     Tmut           40%        N/A       1%          1
b - Wereblood             Tmut           20%        N/A       1%          2
c - Spider Form           Tmut/Pois      10%        N/A       2%          3
d - Ice Form              Ice/Tmut       20%        N/A       9%          4
e - Hydra Form            Tmut           10%        N/A       22%         5
f - Corona                Hex            22%        N/A       1%          1
g - Slow                  Hex            20%        N/A       1%          2
h - Static Discharge      Conj/Air       20%        N/A       2%          3
i - Ozocubu's Armour      Ice            20%        N/A       2%          3
Your spell library was empty.

Dungeon Overview and Level Annotations

Branches:
Dungeon (8/15)             Temple (0/1) D:4
   Lair: D:8-11

Altars:
Ashenzari
Fedhas
Kikubaaqudgha
Makhleb
Qazlal
Trog
Vehumet
Xom
Yredelemnul

Shops:
D:1 [   D:8 ?

Annotations:
D:5 Edmund


Innate Abilities, Weirdness & Mutations

You are immune to poison.
Your flesh is very heat resistant. (rF++)
You are vulnerable to cold. (rC-)
You float through the air rather than walking.
You learn spells naturally, not from books.
Your magical power is your life essence.
You have superior vitality. (+4 HP)


Message History

Edmund grinds his teeth, and then sighs.
You hear a shout!
Aiming: Paralyse
Press: ? - help, Shift-Dir - straight line, f - Edmund
Aim: Edmund, wielding a +1 flail of holy wrath and wearing a +1 chain mail of fire resistance (lightly wounded, chance to affect: 46%) Edmund suddenly stops moving!
Casting: Spider Form (dangerous; 2% risk of failure)
Confirm with . or Enter, or press ? or * to list all spells.
Okay, then.
You start resting.
Edmund is nearby!
The gnoll misses you.
Aiming: Paralyse
Press: ? - help, Shift-Dir - straight line, f/p - Edmund
Aim: Edmund, wielding a +1 flail of holy wrath and wearing a +1 chain mail of fire resistance (lightly wounded, chance to affect: 46%) Edmund resists with some effort.
The gnoll hits you with a +0 whip!
* * * LOW HITPOINT WARNING * * *
Aiming: Paralyse
Press: ? - help, Shift-Dir - straight line, f/p - Edmund
Aim: Edmund, wielding a +1 flail of holy wrath and wearing a +1 chain mail of fire resistance (lightly wounded, chance to affect: 46%) Edmund resists with some effort.
Edmund completely misses you. You block the gnoll's attack.
Aiming: Paralyse
Press: ? - help, Shift-Dir - straight line, f/p - Edmund
Aim: Edmund, wielding a +1 flail of holy wrath and wearing a +1 chain mail of fire resistance (lightly wounded, chance to affect: 46%) Edmund resists with some effort.
Edmund hits you with a +1 flail of holy wrath!
* * * LOW HITPOINT WARNING * * *
The gnoll hits you with a +0 whip.
* * * LOW HITPOINT WARNING * * *
Unknown command.
Okay, then.
Okay, then.
Okay, then.
Aiming: Paralyse
Press: ? - help, Shift-Dir - straight line, f/p - Edmund
Aim: Edmund, wielding a +1 flail of holy wrath and wearing a +1 chain mail of fire resistance (lightly wounded, chance to affect: 46%) Edmund resists with some effort.
Edmund hits you with a +1 flail of holy wrath!
You die...

......g..######g#
....8S....g....S#
..8...8..#####.g#
.........# #..#
.8.....8.# #..#
#..#################
#..g....gg@.........
#.##################
#gg@@.............#
#################.#
#.# #.# #@## #...
####


You could see Edmund and 2 gnolls.

Vanquished Creatures
  A steam dragon (D:7)
  A water moccasin (D:5)
  Duvessa (D:5)
  An ice beast (D:4)
  An orc warrior (D:6)
  4 ogres
  2 phantoms
  A bullfrog (D:6)
  Dowan (D:5)
  2 scorpions
  A howler monkey (D:4)
  2 centaur zombies
  4 hounds
  A bullfrog skeleton (D:5)
  A gnoll shaman (D:5)
  2 centaur skeletons
  5 iguanas
  Ijyb (D:3)
  An orc wizard (D:6)
  20 gnolls (D:5)
  2 adders
  A white imp (D:6)
  2 ufetubi (D:6)
  2 adder zombies
  An adder skeleton (D:4)
  3 worms
  2 dart slugs
  4 orcs
  6 ball pythons
  15 endoplasms
  4 giant cockroaches (D:2)
  8 hobgoblins
  24 jackals
  8 kobolds
  2 quokkas
  A ball python zombie (D:3)
  2 bats
  A frilled lizard (D:1)
  11 goblins
  2 rats (D:1)
154 creatures vanquished.

Vanquished Creatures (others)
  2 orcs (D:6)
  2 plants (D:5)
4 creatures vanquished.

Grand Total: 158 creatures vanquished

Notes
Turn   | Place    | Note
-------+----------+-------------------------------------------
     0 | D:1      | Anon1729 the Djinni Transmuter began the quest for the Orb.
     0 | D:1      | Reached XP level 1. HP: 17/17 MP: 0/0
    15 | D:1      | Found a faded altar of an unknown god.
    41 | D:1      | Became a worshipper of Qazlal Stormbringer
    41 | D:1      | Reached * piety under Qazlal
   234 | D:1      | Reached XP level 2. HP: 8/22 MP: 0/0
   876 | D:1      | Found Rastruwi's Antique Armour Boutique.
  1343 | D:2      | Reached XP level 3. HP: 27/27 MP: 0/0
  1343 | D:2      | Learned a level 1 spell: Corona
  1644 | D:2      | Reached ** piety under Qazlal
  2937 | D:3      | Reached XP level 4. HP: 28/33 MP: 0/0
  3112 | D:3      | Noticed Ijyb
  3122 | D:3      | Killed Ijyb
  3926 | D:3      | Found a basalt altar of Yredelemnul.
  4221 | D:4      | Noticed an ice beast
  4237 | D:4      | Killed an ice beast
  4238 | D:4      | Reached skill level 1 in Invocations
  4238 | D:4      | Reached XP level 5. HP: 33/39 MP: 0/0
  4238 | D:4      | Learned a level 2 spell: Slow
  4462 | D:4      | Reached XP level 6. HP: 42/45 MP: 0/0
  4615 | D:4      | Found a staircase to the Ecumenical Temple.
  4965 | D:4      | Reached *** piety under Qazlal
  6143 | D:4      | You are sucked into a shaft and drop 2 floors!
  6206 | D:6      | Reached XP level 7. HP: 43/50 MP: 0/0
  6206 | D:6      | Learned a level 3 spell: Static Discharge
  7001 | D:6      | Reached skill level 5 in Unarmed Combat
  7276 | D:6      | Reached XP level 8. HP: 48/58 MP: 0/0
  7401 | D:6      | You are sucked into a shaft and drop 2 floors!
  7401 | D:8      | Found Wakk's Magic Scroll Shoppe.
  7408 | D:8      | Bought a scroll of fog for 28 gold pieces
  7408 | D:8      | Bought a scroll of teleportation for 42 gold pieces
  7446 | D:7      | Reached skill level 5 in Dodging
  7923 | D:7      | Noticed a wraith
  7976 | D:6      | Found a blossoming altar of Fedhas.
  7976 | D:6      | Found a broken altar of Ashenzari.
  8112 | D:6      | Found a burning altar of Makhleb.
  8112 | D:6      | Found a bloodstained altar of Trog.
  8116 | D:6      | Found a shimmering altar of Xom.
  8228 | D:5      | Entered Level 5 of the Dungeon
  9031 | D:5      | Reached skill level 5 in Fighting
  9115 | D:5      | Reached XP level 9. HP: 44/65 MP: 0/0
  9115 | D:5      | Learned a level 3 spell: Ozocubu's Armour
  9429 | D:5      | Reached **** piety under Qazlal
  9555 | D:5      | Noticed Duvessa
  9561 | D:5      | Noticed Dowan
  9572 | D:5      | Killed Duvessa
  9624 | D:5      | Killed Dowan
  9863 | D:5      | Noticed Edmund
 10046 | D:5      | Slain by Edmund

Illustrated notes

Levels and vault maps discovered:
D:1:      zaba_arrival_water, layout_basic, chequers_ecumenical_altar_simple,
          serial_shops, shop, minmay_misc_feat_four_crosses, dk_noncrumbling_3
D:2:      layout_basic
D:3:      layout_basic, lemuel_zombie_altar_yredelemnul,
          cheibrodos_sewer_entry_bend, uniq_ijyb
D:4:      layout_basic, temple_pool_b, minmay_misc_feat_ornament,
          minmay_misc_feat_diagonals, minivault_5, hangedman_decor_growths,
          kennysheep_crisscross, st_stairs_14, minmay_fractal_squares_diagonal_5
D:5:      lemuel_castle_with_subvaults [lemuel_castle_interior_carwin_1],
          layout_basic, nicolae_uskayaw_dance_hall, uniq_edmund, uniq_duvessa
D:6:      layout_basic, grunt_temple_overflow_open, lightli_minifort
D:7:      layout_basic, minmay_guarded_unrand_finisher, uniq_crazy_yiuf_cottage
D:8:      layout_loops_ring, serial_shops, shop, kennysheep_mini,
          nicolae_shop_statue_plus, abandoned_shop, roderic_roman_lattice

Skill      XL: |  1  2  3  4  5  6  7  8  9 |
---------------+----------------------------+-----
Spellcasting   | 2 3 4 |  4.8
Dodging        | 3 4 5 6 |  6.3
Fighting       | 2 3 5 |  5.4
Unarmed Combat | 4 5 6 |  6.2
Invocations    | 1 2 3 4 |  4.7

Action                   |  1- 3 |  4- 6 |  7- 9 || total
-------------------------+-------+-------+-------++-------
Melee: Unarmed           |   143 |   194 |   244 ||   581
       Headbutt          |    19 |    10 |     2 ||    31
       Punch             |     1 |       |     1 ||     2
 Cast: Beastly Appendage |    25 |     5 |     4 ||    34
       Spider Form       |     2 |    16 |    31 ||    49
       Ice Form          |       |     1 |       ||     1
       Corona            |       |     2 |     2 ||     4
       Slow              |       |       |     2 ||     2
Evoke: Wand              |       |       |     8 ||     8
  Use: Scroll            |       |       |     1 ||     1
       Potion            |       |       |     1 ||     1
 Stab: Paralysed         |       |       |     6 ||     6
Armor: Robe              |    23 |    14 |     9 ||    46
       Skin              |     2 |    11 |     5 ||    18
Dodge: Dodged            |    75 |   128 |   271 ||   474
Block: Other             |     4 |    19 |    64 ||    87

Table legend: (Time is in decaauts)
 A = Elapsed time spent in this place.
 B = Non-inter-level travel time spent in this place.
 C = Inter-level travel time spent in this place.
 D = Time resting spent in this place.
 E = Time spent auto-exploring this place.
 F = Levels seen in this place.
 G = Mean time per level.
                   A        B        C        D        E       F      G
               +--------+--------+--------+--------+--------+-----+--------+
         Total |   9999 |   9767 |    232 |   1638 |   6525 |   8 | 1249.9 |
       Dungeon |   9999 |   9767 |    232 |   1638 |   6525 |   8 | 1249.9 |
               +--------+--------+--------+--------+--------+-----+--------+

Top non-repeatable levels by time:
     D:4: 2316 daAuts
     D:3: 1602 daAuts
     D:6: 1510 daAuts
     D:5: 1397 daAuts
     D:2: 1356 daAuts
     D:1: 1251 daAuts
     D:7: 531 daAuts
     D:8: 34 daAuts
